 Dungeon Crawl Stone Soup version 0.29.1-2-gbd0b4ee654 (webtiles) character file.

Game seed: 725743237089750116

46 Tiocfaidh the Cutter (level 3, -6/28 HPs)
             Began as a Vampire Monk on Oct 27, 2022.
             Mangled by a gnoll
             ... wielding a +0 hand axe
              (9 damage)
             ... on level 2 of the Dungeon.
             The game lasted 00:08:48 (1125 turns).

Tiocfaidh the Cutter (Vampire Monk)                 Turns: 1125, Time: 00:08:48

Health: -6/28      AC:  2    Str: 12    XL:     3   Next: 44%
Magic:  3/3        EV: 13    Int: 12    God:
Gold:   96         SH:  0    Dex: 16    Spells: 2/2 levels left

rFire   . . .      SeeInvis +   a - +0 short sword
rCold   . . .      Faith    .   (no shield)
rNeg    . . .      Spirit   .   b - +0 robe
rPois   .          Reflect  .   (no helmet)
rElec   .          Harm     .   (no cloak)
rCorr   .          Rampage  .   (no gloves)
Will    .....                   (no boots)
Stlth   ++........              (no amulet)
HPRegen 0.29/turn               (no ring)
MPRegen 0.08/turn               (no ring)

@: healing quickly
A: alive, fangs 3, see invisible, vampiric 2
a: Exsanguinate


You were on level 2 of the Dungeon.
You visited 1 branch of the dungeon, and saw 2 of its levels.

You collected 96 gold pieces.

Inventory:

Hand Weapons
 a - a +0 short sword (weapon)
Armour
 b - a +0 robe (worn)
Scrolls
 e - a scroll of identify {unknown}
 g - a scroll of magic mapping {unknown}
 h - a scroll of teleportation {unknown}
Potions
 c - a potion of ambrosia
 d - a potion of curing {unknown}
 f - a potion of degeneration {unknown}
 i - a potion of heal wounds {unknown}


   Skills:
 + Level 2.9 Fighting
 + Level 4.2 Short Blades
 + Level 3.9 Dodging
 + Level 3.2 Stealth


You had 2 spell levels left.
You didn't know any spells.
Your spell library contained the following spells:

 Spells                   Type           Power      Damage    Failure   Level
 Magic Dart               Conj           0%         1d3       32%         1
 Call Imp                 Summ           0%         N/A       45%         2
 Dazzling Flash           Conj/Hex       0%         N/A       69%         3
 Mephitic Cloud           Conj/Pois/Air  0%         N/A       69%         3
 Iskenderun's Mystic Bla  Conj/Tloc      0%         2d3       97%         4
 Starburst                Conj/Fire      0%         6d3       100%        6


Dungeon Overview and Level Annotations

Branches:
Dungeon (2/15)

Altars:


Innate Abilities, Weirdness & Mutations

Your natural rate of healing is accelerated.
You have razor-sharp teeth.
You have supernaturally acute eyesight. (SInv)
You are afflicted with vampirism and can become a bat while bloodless.


Message History

A gnoll comes into view. It is wielding a +0 halberd.
The hobgoblin hits you.
You barely miss the hobgoblin. The hobgoblin barely misses you.
You hit the hobgoblin.
The hobgoblin is severely wounded.
The hobgoblin hits you.
A gnoll comes into view. It is wielding a +0 hand axe.
A dart slug comes into view.
The hobgoblin attacks as you move away! The hobgoblin closely misses you.
The hobgoblin attacks as you move away! The hobgoblin misses you.
The hobgoblin attacks as you move away! The hobgoblin closely misses you.
There is an open door here.
You hit the hobgoblin.
You kill the hobgoblin!
The gnoll barely misses you.
You see here a hobgoblin corpse.
You hit the gnoll but do no damage. The gnoll closely misses you.
The gnoll misses you.
You hit the gnoll.
The gnoll is moderately wounded.
The gnoll barely misses you.
You hit the gnoll.
The gnoll is heavily wounded.
You hit the gnoll.
The gnoll is severely wounded.
The gnoll hits you with a +0 halberd.
You hit the gnoll.
The gnoll is severely wounded.
The gnoll hits you with a +0 halberd!
You hit the gnoll but do no damage. You bite the gnoll.
You kill the gnoll!
You hit the gnoll.
The gnoll is lightly wounded.
The gnoll barely misses you. The gnoll attacks as you move away!
The gnoll hits you with a +0 hand axe!
* * * LOW HITPOINT WARNING * * *
The gnoll attacks as you move away! The gnoll hits you with a +0 hand axe.
* * * LOW HITPOINT WARNING * * *
The gnoll attacks as you move away! The gnoll hits you with a +0 hand axe!
You die...

#..........#
###############'#'##
.......# #.#.#
.......# #.#)#
.......# #.#†#
.......########.#g#
.......'........#.#
.......##########g#
..............(.@.#
###################
............#
###########.# #.#
##########.#
#..........#
#.########## #.#


You could see 2 gnolls.

Vanquished Creatures
  A gnoll (D:2)
  An endoplasm (D:1)
  2 giant cockroaches (D:1)
  7 goblins (D:1)
  5 hobgoblins
  3 jackals (D:1)
  3 ball pythons (D:1)
  A bat (D:1)
  3 frilled lizards
  4 kobolds (D:1)
  4 rats
34 creatures vanquished.

Notes
Turn   | Place    | Note
-------+----------+-------------------------------------------
     0 | D:1      | Tiocfaidh the Vampire Monk began the quest for the Orb.
     0 | D:1      | Reached XP level 1. HP: 17/17 MP: 1/1
   157 | D:1      | Reached XP level 2. HP: 22/23 MP: 2/2
   483 | D:1      | Reached skill level 4 in Short Blades
   631 | D:1      | Gained mutation: You are afflicted with vampirism and can
                  | become a bat while bloodless. [Vampire growth]
   631 | D:1      | Reached XP level 3. HP: 26/28 MP: 3/3
   663 | D:1      | Found a faded altar of an unknown god.
  1125 | D:2      | Mangled by a gnoll

Illustrated notes

Levels and vault maps discovered:
D:1:      ebering_trefoil_3fold, layout_loops_ring,
          ebering_ecumenical_altar_rust, minmay_pentomino_v2
D:2:      layout_basic, basic_altar

Skill      XL: |  1  2 |
---------------+-------+-----
Short Blades   | 4 |  4.2
Fighting       | |  2.9
Dodging        | |  3.9
Stealth        | |  3.2

Action                   || total
-------------------------++-------
Melee: Short sword       ||    97
       Bite              ||     8
       Punch             ||     1
 Stab: Sleeping          ||     4
Armor: Robe              ||     5
Dodge: Dodged            ||    60
